AoeStats
← _Panelló

Black Forest

510723855Analyzed
3v3 RM · 1d ago on Oct 2, 2026· 94m 53s· 6 players
Game mode
Random Map
Map size
Normal (6 player)
Population
200
Speed
Normal
Resources
Standard
Victory
Conquest
Starting age
Dark Age
Ending age
Imperial Age
RankedLock teamsTeams togetherTeam positionsShared explorationLock speedFull tech treeHidden civsTurbo modeCheats
Victory
Defeat
🇪🇸 Huns · Spain
1083
+10
🇪🇸 Saracens · Spain
1014
+13
🇪🇸 Byzantines · Spain
895
+17
🇬🇧 Bohemians · United Kingdom
985
-15
🇪🇸 Franks · Spain
940
-13
🇩🇪 Byzantines · Germany
902
-12
blankityblanko
1:10 Loom
16:53 Feudal Age
17:53 Double-Bit Axe
22:57 Castle Age
23:25 Horse Collar
24:01 Bow Saw
24:54 Fletching
26:36 Bodkin Arrow
29:47 Masonry
34:37 Imperial Age
34:53 Forging
34:44 Scale Mail Armor
38:02 Chemistry
36:35 Pikeman
37:15 Squires
Trenomaris
0:49 Loom
14:46 Feudal Age
19:41 Castle Age
17:29 Double-Bit Axe
17:43 Horse Collar
21:13 Bow Saw
24:14 Heavy Plow
24:23 Fletching
25:04 Gold Mining
30:45 Wheelbarrow
31:10 Gold Shaft Mining
31:43 Bodkin Arrow
35:00 Imperial Age
35:19 Stone Mining
35:42 Bracer
36:06 Padded Archer Armor
39:05 Chemistry
38:25 Ballistics
37:47 Treadmill Crane
38:04 Murder Holes
38:20 Fortified Wall
38:01 Guard Tower
37:57 Arrowslits
40:32 Logistica
40:59 Hand Cart
41:39 Sanctity
41:32 Fervor
41:38 Redemption
43:18 Bombard Tower
46:12 Keep
49:22 Elite Cataphract
50:14 Scale Barding Armor
52:50 Chain Barding Armor
52:41 Forging
54:12 Plate Barding Armor
55:04 Iron Casting
59:45 Light Cavalry
60:26 Husbandry
62:34 Hussar
claran33
5:55 Loom
15:34 Feudal Age
17:11 Double-Bit Axe
18:10 Man-at-Arms
18:57 Scale Mail Armor
20:17 Wheelbarrow
23:03 Castle Age
21:41 Scale Barding Armor
25:18 Forging
25:28 Chain Barding Armor
25:31 Hand Cart
26:25 Stone Mining
26:29 Gold Mining
27:17 Bow Saw
30:32 Iron Casting
31:42 Husbandry
35:39 Imperial Age
35:59 Cavalier
37:19 Plate Barding Armor
37:44 Gold Shaft Mining
38:49 Blast Furnace
39:18 Paladin
45:36 Pikeman
46:16 Halberdier
48:51 Chain Mail Armor
50:43 Plate Mail Armor
52:24 Squires
52:22 Arson
Padre Ataulfo Remy
2:14 Loom
15:48 Feudal Age
20:08 Castle Age
18:37 Town Watch
20:04 Horse Collar
27:00 Double-Bit Axe
31:40 Imperial Age
29:47 Wheelbarrow
29:48 Heavy Plow
29:59 Bow Saw
29:47 Gold Mining
31:00 Hand Cart
33:58 Two-Man Saw
36:50 Town Patrol
38:42 Atheism
38:43 Conscription
40:41 Scale Barding Armor
40:46 Forging
40:53 Marauders
40:14 Elite Tarkan
41:44 Caravan
44:43 Coinage
44:26 Guilds
45:02 Chain Barding Armor
45:17 Iron Casting
44:34 Fletching
44:44 Padded Archer Armor
46:23 Plate Barding Armor
45:49 Scale Mail Armor
47:26 Gold Shaft Mining
48:23 Banking
48:57 Bloodlines
48:47 Husbandry
49:51 Blast Furnace
48:47 Bodkin Arrow
49:07 Leather Archer Armor
50:23 Capped Ram
51:38 Siege Ram
52:38 Bracer
53:42 Chemistry
53:03 Ballistics
52:53 Masonry
93:04 Spies/Treason
fredyyy
7:34 Loom
14:31 Feudal Age
17:35 Wheelbarrow
16:45 Horse Collar
16:58 Double-Bit Axe
17:07 Gold Mining
17:08 Stone Mining
24:22 Castle Age
24:29 Scale Mail Armor
24:40 Forging
24:35 Scale Barding Armor
29:19 Imperial Age
28:19 Husbandry
29:12 Bow Saw
34:48 Chain Barding Armor
35:19 Heavy Plow
35:59 Gold Shaft Mining
36:45 Stone Shaft Mining
35:52 Pikeman
37:41 Ballistics
37:32 Fortified Wall
39:04 Conscription
38:12 Halberdier
39:14 Murder Holes
41:14 Padded Archer Armor
41:04 Fletching
42:18 Chemistry
41:48 Thumb Ring
41:04 Elite Skirmisher
43:56 Two-Man Saw
47:28 Elite Varangian Guard
48:01 Onager
50:11 Iron Casting
49:51 Chain Mail Armor
54:21 Plate Mail Armor
54:27 Plate Barding Armor
53:48 Bodkin Arrow
54:09 Leather Archer Armor
59:43 Logistica
61:05 Bracer
61:36 Ring Archer Armor
63:35 Gambesons
63:50 Squires
_Panelló
0:34 Loom
12:39 Feudal Age
19:58 Castle Age
19:49 Horse Collar
19:56 Double-Bit Axe
20:59 Heavy Plow
21:11 Bow Saw
31:06 Imperial Age
29:21 Wheelbarrow
29:17 Gold Mining
31:15 Husbandry
31:25 Bloodlines
31:28 Forging
31:23 Scale Barding Armor
32:51 Iron Casting
31:46 Heavy Camel Rider
33:51 Gold Shaft Mining
34:33 Chain Barding Armor
36:03 Blast Furnace
37:09 Chemistry
39:07 Plate Barding Armor
48:56 Fletching
49:07 Padded Archer Armor
50:25 Siege Engineers
68:18 Caravan
90:10 Spies/Treason
Connection lost

Rejoining the realm…

Still unreachable

The connection could not be restored.

Session expired

The server has moved on; the page needs a fresh start.